Gangsters vs Staline
Created - 13 novembre 2014 at 23:09
Goals
|
Gangsters |
1 |
2 |
1 |
0 |
1 |
5 |
Staline |
0 |
2 |
2 |
0 |
0 |
4 |
|
Shots
|
Gangsters |
14 |
17 |
10 |
1 |
5 |
42 |
Staline |
9 |
17 |
7 |
0 |
5 |
33 |
|
1st period
1. Gangsters , Brock Bradford 3 (Mikko Lehtonen, Luke Gazdic) at 19:30
Penalties :
Yan Stastny (StJ) for Hooking (Minor) at 13:12, Cam Janssen (StJ) for Hooking (Minor) at 16:23
2nd period
2. Gangsters , Jaroslav Balastik 10 (Alexandre Bolduc) at 0:08
3. Staline , Mason Raymond 6 (Yan Stastny, T.J. Fast) at 5:09
4. Staline , Andrei Loktionov 19 (Nick Spaling, Danny Kristo) at 15:28
5. Gangsters , Jaroslav Balastik 11 (Alexandre Bolduc) at 17:33
Penalties :
Cam Janssen (StJ) for Fighting (Major) at 2:09, Ryan Keller (Bro) for Fighting (Major) at 2:09, Cam Janssen (StJ) for instigated a fight (Minor) at 2:09, Cam Janssen (StJ) for instigated and being the aggresor in a fight (20 Minutes Game Misconduct) at 2:09, Ryan Keller (Bro) for Cross-checking (Minor) at 7:47, Colten Teubert (Bro) for Interference (Minor) at 19:53
3rd period
6. Staline , Mason Raymond 7 (Yan Stastny) at 0:12 (PP)
7. Gangsters , Ryan Jones 8 (Ville Koistinen) at 15:33 (PP)
8. Staline , Mason Raymond 8 (Yan Stastny) at 16:13
Penalties :
Ryan Keller (Bro) for Holding (Minor) at 1:43, Greg Pateryn (StJ) for Tripping (Minor) at 6:30, J.T. Wyman (StJ) for Interference (Minor) at 10:58, Zac Rinaldo (StJ) for Slashing (Minor) at 14:52, Michael Sdao (Bro) for Hooking (Minor) at 19:45
Overtime #1
No Goal
Penalties :
No Penalty
Shootout
Penalty Shot by Jaroslav Balastik for Gangsters - Stopped by Tobias Stephan
Penalty Shot by Yan Stastny for Staline - Stopped by David LeNeveu
Penalty Shot by Ryan Keller for Gangsters - Stopped by Tobias Stephan
Penalty Shot by Mason Raymond for Staline - Stopped by David LeNeveu
Penalty Shot by Alexandre Bolduc for Gangsters - Stopped by Tobias Stephan
Penalty Shot by J.T. Wyman for Staline - Stopped by David LeNeveu
Penalty Shot by Ryan Jones for Gangsters - Stopped by Tobias Stephan
Penalty Shot by Andrei Loktionov for Staline - Shot Misses the Net
Penalty Shot by Artem Anisimov for Gangsters - Goal!
Penalty Shot by Nick Spaling for Staline - Stopped by David LeNeveu
Penalties :
No Penalty
Goalie Stats
David LeNeveu (Bro), 29 saves from 33 shots - (0,879), W, 8-3-3, 65:00 minutes
Tobias Stephan (StJ), 38 saves from 42 shots - (0,905), OTL, 14-3-2, 65:00 minutes
Players Stats for Gangsters
Player Name G A P +/- PIM S H SB GA TA FO MP PP MP PK MP
------------------------------------------------------------------------------------
Alexandre Bolduc 0 2 2 0 0 1 0 0 1 1 14/33 22:14 5:59 1:19
Artem Anisimov 0 0 0 0 0 2 2 0 1 0 9/11 16:49 4:20 0:00
Brock Bradford 1 0 1 0 0 3 0 0 2 0 10/10 12:19 0:14 0:24
Bryan Young 0 0 0 -1 0 4 0 2 0 0 0/0 22:23 3:29 2:19
Colten Teubert 0 0 0 -1 2 0 2 3 0 1 0/0 22:22 3:29 2:19
Curtis McKenzie 0 0 0 0 0 2 0 0 0 0 0/0 9:05 0:00 1:39
Dave Dziurzynski 0 0 0 0 0 1 0 1 0 0 0/0 16:46 4:17 0:00
Gustav Nyquist 0 0 0 0 0 0 0 0 0 0 0/0 0:00 0:00 0:00
Jaroslav Balastik 2 0 2 0 0 11 2 0 2 1 5/7 25:02 6:02 3:40
Luke Gazdic 0 1 1 0 0 0 0 0 0 0 0/0 10:14 0:00 0:00
Matt Delahey 0 0 0 -1 0 2 0 0 0 1 0/0 11:20 0:00 0:00
Maxime Sauvé 0 0 0 0 0 1 3 0 0 0 6/8 10:20 0:00 2:01
Michael Sdao 0 0 0 -1 2 0 1 0 0 0 0/0 11:38 0:00 0:00
Mikko Lehtonen 0 1 1 -1 0 5 2 1 1 0 0/0 14:07 1:34 0:00
Nathan Gerbe 0 0 0 0 0 0 0 0 0 0 0/0 1:07 0:00 0:48
Richard Panik 0 0 0 0 0 2 1 0 0 1 0/0 7:24 0:14 0:00
Ryan Jones 1 0 1 0 0 4 0 0 0 0 0/0 17:25 4:20 0:00
Ryan Keller 0 0 0 1 9 1 3 1 1 0 1/2 20:30 4:48 0:56
Shaun Heska 0 0 0 2 0 0 2 4 0 0 0/0 31:17 7:07 3:57
Ville Koistinen 0 1 1 2 0 3 2 2 1 0 0/0 31:17 7:07 3:57
Players Stats for Staline
Player Name G A P +/- PIM S H SB GA TA FO MP PP MP PK MP
------------------------------------------------------------------------------------
Andrei Loktionov 1 0 1 1 0 9 3 1 0 0 4/7 15:10 1:37 1:23
Cam Janssen 0 0 0 -2 29 0 1 0 0 0 0/0 8:02 0:00 0:58
Danny Kristo 0 1 1 0 0 1 0 0 0 0 0/0 7:48 0:08 0:00
Greg Pateryn 0 0 0 1 2 0 0 1 0 2 0/0 11:40 0:00 0:00
J.T. Wyman 0 0 0 1 2 2 0 0 0 0 0/1 16:17 1:43 0:00
James Sheppard 0 0 0 -2 0 1 1 0 0 1 0/0 16:12 0:57 2:04
Jamie McGinn 0 0 0 0 0 0 0 0 0 0 0/0 7:52 0:00 0:00
Jared Boll 0 0 0 1 0 0 4 2 1 0 0/2 18:39 2:11 0:00
Mason Raymond 3 0 3 1 0 5 1 0 1 1 0/2 22:14 2:40 4:05
Mathieu Perreault 0 0 0 -2 0 3 0 0 0 1 2/13 17:04 0:00 5:12
Nick Spaling 0 1 1 1 0 0 1 0 0 0 0/0 13:47 1:37 0:00
Stu Bickel 0 0 0 -1 0 0 4 1 0 1 0/0 31:35 2:54 6:50
T.J. Fast 0 1 1 -1 0 2 2 4 1 0 0/0 31:20 2:54 6:50
Theo Peckham 0 0 0 0 0 1 0 1 0 2 0/0 21:59 1:37 3:46
Torey Krug 0 0 0 1 0 2 0 0 0 0 0/0 11:26 0:00 0:00
Tyler Cuma 0 0 0 0 0 1 2 0 0 1 0/0 21:59 1:37 3:46
Yan Stastny 0 3 3 1 2 5 2 0 2 0 19/42 24:29 2:40 4:58
Zac Rinaldo 0 0 0 0 2 1 1 0 0 0 1/4 11:45 0:00 2:32
3 Stars
1 - Mason Raymond (StJ)
2 - Jaroslav Balastik (Bro)
3 - Andrei Loktionov (StJ)
Power Play
Gangsters - 1 on 6 Attempt(s) - 16,67%
Staline - 1 on 4 Attempt(s) - 25,00%
Penalty Kill
Gangsters - 3 on 4 Attempt(s) - 75,00%
- Score 0 goal in Penalty Kill
Staline - 5 on 6 Attempt(s) - 83,33%
- Score 0 goal in Penalty Kill
Official
Referees : L'Ecuyer Frederick and StLaurent Francois
Linesman : Ryan Galloway and Dan Schachte
Game Notes
Cam Janssen beats up Ryan Keller at 2:09 of 2nd period
Cam Janssen ejected from game at 2:09 of 2nd period
Mason Raymond has scored a Hat Trick!
Finance
Level 1 -- Attendance: 1546 (77,30%) -- Ticket Income 54 110 $
Level 2 -- Attendance: 752 (75,20%) -- Ticket Income 11 280 $
Total Attendance: 2298 (76,60%)
Total Ticket Income: 65 390 $
Other Income: 3 270 $
Total Income: 68 660 $
Gangsters
5 vs 5 Forward
Center Left Wing Right Wing Time % Phy DF OF
1 Alexandre Bolduc Jaroslav Balastik Ryan Keller 40 1 2 2
2 Artem Anisimov Dave Dziurzynski Ryan Jones 30 1 2 2
3 Brock Bradford Luke Gazdic Mikko Lehtonen 20 1 2 2
4 Maxime Sauvé Curtis McKenzie Richard Panik 10 1 2 2
5 vs 5 Defense
Defense Defense Time % Phy DF OF
1 Ville Koistinen Shaun Heska 40 1 2 2
2 Bryan Young Colten Teubert 30 1 2 2
3 Matt Delahey Michael Sdao 20 1 2 2
4 Ville Koistinen Shaun Heska 10 1 2 2
PowerPlay Forward
Center Left Wing Right Wing Time % Phy DF OF
1 Alexandre Bolduc Jaroslav Balastik Ryan Keller 60 1 2 2
2 Artem Anisimov Dave Dziurzynski Ryan Jones 40 1 2 2
PowerPlay Defense
Defense Defense Time % Phy DF OF
1 Ville Koistinen Shaun Heska 60 1 2 2
2 Bryan Young Colten Teubert 40 1 2 2
Penalty Kill 4 Players Forward
Center Wing Time % Phy DF OF
1 Jaroslav Balastik Ryan Keller 60 1 2 2
2 Alexandre Bolduc Ryan Jones 40 1 2 2
Penalty Kill 4 Players Defense
Defense Defense Time % Phy DF OF
1 Ville Koistinen Shaun Heska 60 1 2 2
2 Bryan Young Colten Teubert 40 1 2 2
Penalty Kill - 3 Players Forward
Forward Time % Phy DF OF
1 Jaroslav Balastik 60 1 2 2
2 Ryan Keller 40 1 2 2
Penalty Kill - 3 Players Defense
Defense Defense Time % Phy DF OF
1 Ville Koistinen Shaun Heska 60 1 2 2
2 Bryan Young Colten Teubert 40 1 2 2
4 vs 4 Forward
Center Wing Time % Phy DF OF
1 Jaroslav Balastik Ryan Keller 60 1 2 2
2 Alexandre Bolduc Ryan Jones 40 1 2 2
4 vs 4 Defense
Defense Defense Time % Phy DF OF
1 Ville Koistinen Shaun Heska 60 1 2 2
2 Bryan Young Colten Teubert 40 1 2 2
Last Minutes Offensive
Center Left Wing Right Wing Defense Defense
Alexandre Bolduc Jaroslav Balastik Ryan Keller Ville Koistinen Shaun Heska
Last Minutes Defensive
Center Left Wing Right Wing Defense Defense
Alexandre Bolduc Jaroslav Balastik Ryan Keller Ville Koistinen Shaun Heska
Goaltenders
Starting : David LeNeveu
Backup : Dustin Tokarski
Extra Forwards
Normal : Mikko Lehtonen, Brock Bradford, Maxime Sauvé - PP : Mikko Lehtonen, Brock Bradford - PK : Maxime Sauvé
Extra Defensemen
Normal : Matt Delahey, Michael Sdao, Bryan Young - PP : Matt Delahey - PK : Michael Sdao, Bryan Young
Penalty Shots
Jaroslav Balastik, Ryan Keller, Alexandre Bolduc, Ryan Jones, Artem Anisimov
Staline
5 vs 5 Forward
Center Left Wing Right Wing Time % Phy DF OF
1 Yan Stastny Mason Raymond Cam Janssen 40 1 2 2
2 Andrei Loktionov Nick Spaling J.T. Wyman 30 1 2 2
3 Mathieu Perreault James Sheppard Jared Boll 20 1 2 2
4 Zac Rinaldo Jamie McGinn Danny Kristo 10 1 2 2
5 vs 5 Defense
Defense Defense Time % Phy DF OF
1 T.J. Fast Stu Bickel 40 1 2 2
2 Theo Peckham Tyler Cuma 30 1 2 2
3 Torey Krug Greg Pateryn 20 1 2 2
4 T.J. Fast Stu Bickel 10 1 2 2
PowerPlay Forward
Center Left Wing Right Wing Time % Phy DF OF
1 Yan Stastny Mason Raymond Cam Janssen 60 1 2 2
2 Andrei Loktionov Nick Spaling J.T. Wyman 40 1 2 2
PowerPlay Defense
Defense Defense Time % Phy DF OF
1 T.J. Fast Stu Bickel 60 1 2 2
2 Theo Peckham Tyler Cuma 40 1 2 2
Penalty Kill 4 Players Forward
Center Wing Time % Phy DF OF
1 Yan Stastny Cam Janssen 60 1 2 2
2 Mason Raymond Andrei Loktionov 40 1 2 2
Penalty Kill 4 Players Defense
Defense Defense Time % Phy DF OF
1 T.J. Fast Stu Bickel 60 1 2 2
2 Theo Peckham Tyler Cuma 40 1 2 2
Penalty Kill - 3 Players Forward
Forward Time % Phy DF OF
1 Yan Stastny 60 1 2 2
2 Cam Janssen 40 1 2 2
Penalty Kill - 3 Players Defense
Defense Defense Time % Phy DF OF
1 T.J. Fast Stu Bickel 60 1 2 2
2 Theo Peckham Tyler Cuma 40 1 2 2
4 vs 4 Forward
Center Wing Time % Phy DF OF
1 Yan Stastny Cam Janssen 60 1 2 2
2 Mason Raymond Andrei Loktionov 40 1 2 2
4 vs 4 Defense
Defense Defense Time % Phy DF OF
1 T.J. Fast Stu Bickel 60 1 2 2
2 Theo Peckham Tyler Cuma 40 1 2 2
Last Minutes Offensive
Center Left Wing Right Wing Defense Defense
Yan Stastny Mason Raymond Cam Janssen T.J. Fast Stu Bickel
Last Minutes Defensive
Center Left Wing Right Wing Defense Defense
Yan Stastny Mason Raymond Cam Janssen T.J. Fast Stu Bickel
Goaltenders
Starting : Tobias Stephan
Backup : Martin Houle
Extra Forwards
Normal : Jared Boll, James Sheppard, Mathieu Perreault - PP : Jared Boll, James Sheppard - PK : Mathieu Perreault
Extra Defensemen
Normal : Torey Krug, Greg Pateryn, Theo Peckham - PP : Torey Krug - PK : Greg Pateryn, Theo Peckham
Penalty Shots
Yan Stastny, Cam Janssen, Mason Raymond, Andrei Loktionov, J.T. Wyman
% Time on Ice - Gangsters
Lines # - Real PCT - Wanted PCT - Time Play
Normal Forward
1 - 34% - 40% - 15:10
2 - 28% - 30% - 12:29
3 - 23% - 20% - 10:14
4 - 16% - 10% - 7:00
Normal Defense
1 - 39% - 40% - 17:32
2 - 34% - 30% - 15:03
3 - 24% - 20% - 10:51
4 - 3% - 10% - 1:27
PP Forward
1 - 59% - 60% - 6:16
2 - 41% - 40% - 4:20
PP Defense
1 - 67% - 60% - 7:07
2 - 33% - 40% - 3:29
PK Forward
1 - 100% - 60% - 4:31
2 - 0% - 40% - 0:00
PK Defense
1 - 60% - 60% - 2:43
2 - 40% - 40% - 1:48
PK3 Forward
1 - 78% - 60% - 1:22
2 - 22% - 40% - 0:23
PK3 Defense
1 - 70% - 60% - 1:14
2 - 30% - 40% - 0:31
44 Forward
1 - 82% - 60% - 2:39
2 - 18% - 40% - 0:36
44 Defense
1 - 53% - 60% - 1:43
2 - 47% - 40% - 1:32
Last Minute Offensive - 0:00
Last Minute Defensive - 0:00
Total
Forward - 65:00
Defense - 65:00
|
% Time on Ice - Staline
Lines # - Real PCT - Wanted PCT - Time Play
Normal Forward
1 - 38% - 40% - 16:51
2 - 27% - 30% - 12:10
3 - 19% - 20% - 8:25
4 - 17% - 10% - 7:27
Normal Defense
1 - 42% - 40% - 18:43
2 - 33% - 30% - 14:40
3 - 23% - 20% - 10:12
4 - 3% - 10% - 1:18
PP Forward
1 - 64% - 60% - 2:54
2 - 36% - 40% - 1:37
PP Defense
1 - 64% - 60% - 2:54
2 - 36% - 40% - 1:37
PK Forward
1 - 90% - 60% - 9:34
2 - 10% - 40% - 1:02
PK Defense
1 - 64% - 60% - 6:50
2 - 36% - 40% - 3:46
PK3 Forward
1 - 0% - 60%
2 - 0% - 40%
PK3 Defense
1 - 0% - 60%
2 - 0% - 40%
44 Forward
1 - 100% - 60% - 5:00
2 - 0% - 40% - 0:00
44 Defense
1 - 61% - 60% - 3:04
2 - 39% - 40% - 1:56
Last Minute Offensive - 0:00
Last Minute Defensive - 0:00
Total
Forward - 65:00
Defense - 65:00
|
Play by Play
1st period
0:01 of 1st period - Yan Stastny wins face-off versus Alexandre Bolduc in neutral zone.
0:14 of 1st period - Snap shot by Jaroslav Balastik.
0:14 of 1st period - Stopped by Tobias Stephan with a rebound.
0:16 of 1st period - Slapshot by Jaroslav Balastik.
0:16 of 1st period - Stopped by Tobias Stephan with a rebound.
0:28 of 1st period - Slapshot by Nick Spaling.
0:28 of 1st period - Deflect By Andrei Loktionov.
0:28 of 1st period - Shot Misses the Net.
0:28 of 1st period - Puck is out of play.
0:29 of 1st period - Artem Anisimov wins face-off versus J.T. Wyman in Gangsters zone.
0:46 of 1st period - Bryan Young is hit by Tyler Cuma and loses puck.
1:37 of 1st period - Snap shot by Nick Spaling.
1:37 of 1st period - Shot Misses the Net.
2:37 of 1st period - Slapshot by Andrei Loktionov.
2:37 of 1st period - Stopped by David LeNeveu with a rebound.
2:39 of 1st period - Wrist shot by Nick Spaling.
2:39 of 1st period - Shot Blocked by Colten Teubert.
2:43 of 1st period - Wrist shot by Andrei Loktionov.
2:43 of 1st period - Stopped by David LeNeveu with a rebound.
2:45 of 1st period - Slapshot by J.T. Wyman.
2:45 of 1st period - Shot Blocked by Colten Teubert.
2:47 of 1st period - Snap shot by Tyler Cuma.
2:47 of 1st period - Shot Blocked by Bryan Young.
3:05 of 1st period - Snap shot by Andrei Loktionov.
3:05 of 1st period - Shot Misses the Net.
3:07 of 1st period - Slapshot by Torey Krug.
3:07 of 1st period - Stopped by David LeNeveu with a rebound.
3:09 of 1st period - Slapshot by Torey Krug.
3:09 of 1st period - Shot Misses the Net.
3:11 of 1st period - Snap shot by Nick Spaling.
3:11 of 1st period - Shot Blocked by Colten Teubert.
3:13 of 1st period - Wrist shot by Andrei Loktionov.
3:13 of 1st period - Stopped by David LeNeveu with a rebound.
3:15 of 1st period - Slapshot by T.J. Fast.
3:15 of 1st period - Deflect By Bryan Young.
3:15 of 1st period - Stopped by David LeNeveu without a rebound.
3:16 of 1st period - Jaroslav Balastik wins face-off versus Yan Stastny in Gangsters zone.
3:49 of 1st period - Slapshot by Mikko Lehtonen.
3:49 of 1st period - Stopped by Tobias Stephan without a rebound.
3:50 of 1st period - Brock Bradford wins face-off versus Mason Raymond in Staline zone.
4:04 of 1st period - Icing by Tyler Cuma.
4:05 of 1st period - Yan Stastny wins face-off versus Alexandre Bolduc in Staline zone.
4:05 of 1st period - Yan Stastny is hit by Jaroslav Balastik.
4:22 of 1st period - Snap shot by Mason Raymond.
4:22 of 1st period - Stopped by David LeNeveu without a rebound.
4:23 of 1st period - Maxime Sauvé wins face-off versus Mathieu Perreault in Gangsters zone.
4:23 of 1st period - Maxime Sauvé is hit by James Sheppard.
4:37 of 1st period - Snap shot by Richard Panik.
4:37 of 1st period - Shot Misses the Net.
4:39 of 1st period - Slapshot by Matt Delahey.
4:39 of 1st period - Shot Misses the Net.
6:16 of 1st period - Theo Peckham is hit by Ryan Keller and loses puck.
6:29 of 1st period - Slapshot by Mikko Lehtonen.
6:29 of 1st period - Shot Misses the Net.
6:41 of 1st period - Colten Teubert is hit by Cam Janssen and loses puck.
6:50 of 1st period - Theo Peckham is hit by Maxime Sauvé and loses puck.
7:01 of 1st period - Cam Janssen is hit by Colten Teubert and loses puck.
8:55 of 1st period - Bryan Young is hit by T.J. Fast and loses puck.
9:06 of 1st period - Mathieu Perreault is hit by Ryan Keller and loses puck.
10:17 of 1st period - Dave Dziurzynski is hit by Nick Spaling and loses puck.
11:02 of 1st period - James Sheppard is hit by Maxime Sauvé and loses puck.
11:28 of 1st period - Wrist shot by Yan Stastny.
11:28 of 1st period - Shot Misses the Net.
11:30 of 1st period - Slapshot by Theo Peckham.
11:30 of 1st period - Shot Blocked by Ryan Keller.
11:59 of 1st period - J.T. Wyman is hit by Richard Panik and loses puck.
12:22 of 1st period - Slapshot by Mathieu Perreault.
12:22 of 1st period - Stopped by David LeNeveu with a rebound.
12:24 of 1st period - Slapshot by Stu Bickel.
12:24 of 1st period - Shot Blocked by Shaun Heska.
12:53 of 1st period - Wrist shot by Richard Panik.
12:53 of 1st period - Stopped by Tobias Stephan without a rebound.
12:54 of 1st period - Maxime Sauvé wins face-off versus Jared Boll in Staline zone.
13:03 of 1st period - Snap shot by Richard Panik.
13:03 of 1st period - Shot Misses the Net.
13:05 of 1st period - Backhand shot by Richard Panik.
13:05 of 1st period - Stopped by Tobias Stephan with a rebound.
13:07 of 1st period - Wrist shot by Maxime Sauvé.
13:07 of 1st period - Shot Misses the Net.
13:09 of 1st period - Snap shot by Curtis McKenzie.
13:09 of 1st period - Stopped by Tobias Stephan without a rebound.
13:10 of 1st period - Yan Stastny wins face-off versus Ryan Keller in Staline zone.
13:12 of 1st period - Minor Penalty to Yan Stastny for Hooking.
13:13 of 1st period - Mathieu Perreault wins face-off versus Alexandre Bolduc in Staline zone.
13:50 of 1st period - Snap shot by Artem Anisimov.
13:50 of 1st period - Shot Misses the Net.
15:12 of 1st period - Penalty to Yan Stastny is over, Yan Stastny is back on ice.
15:17 of 1st period - Yan Stastny is hit by Colten Teubert and loses puck.
15:21 of 1st period - Icing by Tyler Cuma.
15:22 of 1st period - Brock Bradford wins face-off versus Zac Rinaldo in Staline zone.
15:23 of 1st period - Snap shot by Mikko Lehtonen.
15:23 of 1st period - Deflect By Torey Krug.
15:23 of 1st period - Stopped by Tobias Stephan with a rebound.
15:35 of 1st period - Slapshot by James Sheppard.
15:35 of 1st period - Stopped by David LeNeveu with a rebound.
15:37 of 1st period - Slapshot by Torey Krug.
15:37 of 1st period - Stopped by David LeNeveu without a rebound.
15:38 of 1st period - Yan Stastny wins face-off versus Alexandre Bolduc in Gangsters zone.
16:09 of 1st period - Snap shot by Artem Anisimov.
16:09 of 1st period - Shot Hit the Post.
16:13 of 1st period - Slapshot by Ryan Jones.
16:13 of 1st period - Stopped by Tobias Stephan with a rebound.
16:15 of 1st period - Wrist shot by Shaun Heska.
16:15 of 1st period - Shot Blocked by Greg Pateryn.
16:17 of 1st period - Snap shot by Dave Dziurzynski.
16:17 of 1st period - Stopped by Tobias Stephan without a rebound.
16:18 of 1st period - Brock Bradford wins face-off versus Yan Stastny in Staline zone.
16:21 of 1st period - Snap shot by Mikko Lehtonen.
16:21 of 1st period - Stopped by Tobias Stephan with a rebound.
16:23 of 1st period - Minor Penalty to Cam Janssen for Hooking.
16:24 of 1st period - Alexandre Bolduc wins face-off versus Yan Stastny in Staline zone.
16:33 of 1st period - Snap shot by Jaroslav Balastik.
16:33 of 1st period - Shot Hit the Post.
16:35 of 1st period - Wrist shot by Ryan Keller.
16:35 of 1st period - Shot Misses the Net.
16:37 of 1st period - Snap shot by Ryan Keller.
16:37 of 1st period - Shot Misses the Net.
16:39 of 1st period - Wrist shot by Alexandre Bolduc.
16:39 of 1st period - Shot Blocked by Stu Bickel.
16:49 of 1st period - T.J. Fast is hit by Artem Anisimov and loses puck.
16:58 of 1st period - Snap shot by Artem Anisimov.
16:58 of 1st period - Stopped by Tobias Stephan with a rebound.
18:19 of 1st period - James Sheppard is hit by Shaun Heska and loses puck.
18:23 of 1st period - Penalty to Cam Janssen is over, Cam Janssen is back on ice.
19:02 of 1st period - Slapshot by Mikko Lehtonen.
19:02 of 1st period - Stopped by Tobias Stephan with a rebound.
19:28 of 1st period - Wrist shot by Mikko Lehtonen.
19:28 of 1st period - Shot Misses the Net.
19:30 of 1st period - Snap shot by Brock Bradford.
19:30 of 1st period - Goal by Brock Bradford - Gangsters : 1 - Staline : 0.
19:31 of 1st period - Alexandre Bolduc wins face-off versus Andrei Loktionov in neutral zone.
19:38 of 1st period - Wrist shot by Jaroslav Balastik.
19:38 of 1st period - Stopped by Tobias Stephan with a rebound.
19:40 of 1st period - Wrist shot by Alexandre Bolduc.
19:40 of 1st period - Deflect By Theo Peckham.
19:40 of 1st period - Shot Misses the Net.
19:40 of 1st period - Puck is out of play.
19:41 of 1st period - Andrei Loktionov wins face-off versus Alexandre Bolduc in Staline zone.
Goals for this period are 1 for Gangsters vs 0 for Staline.
Shots for this period are 14 for Gangsters vs 9 for Staline.
2nd period
0:01 of 2nd period - Alexandre Bolduc wins face-off versus Yan Stastny in neutral zone.
0:06 of 2nd period - Slapshot by Jaroslav Balastik.
0:06 of 2nd period - Stopped by Tobias Stephan with a rebound.
0:08 of 2nd period - Wrist shot by Jaroslav Balastik.
0:08 of 2nd period - Goal by Jaroslav Balastik - Gangsters : 2 - Staline : 0.
0:09 of 2nd period - Ryan Keller wins face-off versus Yan Stastny in neutral zone.
0:23 of 2nd period - Slapshot by Jaroslav Balastik.
0:23 of 2nd period - Stopped by Tobias Stephan without a rebound.
0:24 of 2nd period - Artem Anisimov wins face-off versus Mathieu Perreault in Staline zone.
0:35 of 2nd period - Snap shot by Jared Boll.
0:35 of 2nd period - Shot Blocked by Dave Dziurzynski.
1:13 of 2nd period - Off-side.
1:14 of 2nd period - Andrei Loktionov wins face-off versus Maxime Sauvé in neutral zone.
1:21 of 2nd period - Snap shot by Andrei Loktionov.
1:21 of 2nd period - Stopped by David LeNeveu with a rebound.
1:25 of 2nd period - Slapshot by Andrei Loktionov.
1:25 of 2nd period - Stopped by David LeNeveu without a rebound.
1:26 of 2nd period - Alexandre Bolduc wins face-off versus Yan Stastny in Gangsters zone.
1:35 of 2nd period - Snap shot by Jaroslav Balastik.
1:35 of 2nd period - Deflect By Theo Peckham.
1:35 of 2nd period - Shot Misses the Net.
1:35 of 2nd period - Puck is out of play.
1:36 of 2nd period - Yan Stastny wins face-off versus Alexandre Bolduc in Staline zone.
1:42 of 2nd period - Snap shot by Jaroslav Balastik.
1:42 of 2nd period - Stopped by Tobias Stephan with a rebound.
2:09 of 2nd period - Cam Janssen beats up Ryan Keller.
2:09 of 2nd period - Penalty to Cam Janssen for Fighting.
2:09 of 2nd period - Penalty to Ryan Keller for Fighting.
2:09 of 2nd period - Penalty to Cam Janssen for instigated a fight.
2:09 of 2nd period - Penalty to Cam Janssen for instigated and being the aggresor in a fight.
2:09 of 2nd period - Cam Janssen is ejected from game.
2:10 of 2nd period - Alexandre Bolduc wins face-off versus Yan Stastny in Staline zone.
2:15 of 2nd period - Snap shot by Jaroslav Balastik.
2:15 of 2nd period - Stopped by Tobias Stephan without a rebound.
2:16 of 2nd period - Mathieu Perreault wins face-off versus Alexandre Bolduc in Staline zone.
2:55 of 2nd period - Slapshot by Jaroslav Balastik.
2:55 of 2nd period - Deflect By Alexandre Bolduc.
2:55 of 2nd period - Shot Misses the Net.
2:55 of 2nd period - Puck is out of play.
2:56 of 2nd period - Artem Anisimov wins face-off versus Yan Stastny in Staline zone.
2:57 of 2nd period - Snap shot by Ryan Jones.
2:57 of 2nd period - Stopped by Tobias Stephan without a rebound.
2:58 of 2nd period - Yan Stastny wins face-off versus Artem Anisimov in Staline zone.
2:58 of 2nd period - Yan Stastny is hit by Artem Anisimov.
3:30 of 2nd period - Wrist shot by Alexandre Bolduc.
3:30 of 2nd period - Stopped by Tobias Stephan without a rebound.
3:31 of 2nd period - Alexandre Bolduc wins face-off versus Yan Stastny in Staline zone.
4:02 of 2nd period - Snap shot by Artem Anisimov.
4:02 of 2nd period - Shot Blocked by T.J. Fast.
4:04 of 2nd period - Wrist shot by Artem Anisimov.
4:04 of 2nd period - Shot Blocked by T.J. Fast.
4:09 of 2nd period - Penalty to Cam Janssen is over, J.T. Wyman is send on ice.
4:18 of 2nd period - Snap shot by T.J. Fast.
4:18 of 2nd period - Shot Hit the Post.
4:20 of 2nd period - Snap shot by Zac Rinaldo.
4:20 of 2nd period - Stopped by David LeNeveu with a rebound.
4:22 of 2nd period - Snap shot by T.J. Fast.
4:22 of 2nd period - Deflect By Danny Kristo.
4:22 of 2nd period - Stopped by David LeNeveu without a rebound.
4:23 of 2nd period - Andrei Loktionov wins face-off versus Artem Anisimov in Gangsters zone.
4:48 of 2nd period - Slapshot by Ville Koistinen.
4:48 of 2nd period - Stopped by Tobias Stephan with a rebound.
4:50 of 2nd period - Slapshot by Ville Koistinen.
4:50 of 2nd period - Stopped by Tobias Stephan with a rebound.
4:52 of 2nd period - Slapshot by Shaun Heska.
4:52 of 2nd period - Shot Misses the Net.
4:54 of 2nd period - Snap shot by Ville Koistinen.
4:54 of 2nd period - Stopped by Tobias Stephan without a rebound.
4:55 of 2nd period - Yan Stastny wins face-off versus Alexandre Bolduc in Staline zone.
5:00 of 2nd period - Shaun Heska is hit by Stu Bickel and loses puck.
5:05 of 2nd period - Snap shot by Yan Stastny.
5:05 of 2nd period - Shot Blocked by Ville Koistinen.
5:07 of 2nd period - Snap shot by Yan Stastny.
5:07 of 2nd period - Shot Blocked by Shaun Heska.
5:09 of 2nd period - Wrist shot by Yan Stastny.
5:09 of 2nd period - Deflect By Mason Raymond.
5:09 of 2nd period - Goal by Mason Raymond - Gangsters : 2 - Staline : 1.
5:10 of 2nd period - Alexandre Bolduc wins face-off versus Yan Stastny in neutral zone.
5:13 of 2nd period - Mason Raymond is hit by Jaroslav Balastik and loses puck.
5:35 of 2nd period - Stu Bickel is hit by Shaun Heska and loses puck.
6:49 of 2nd period - Snap shot by Theo Peckham.
6:49 of 2nd period - Stopped by David LeNeveu with a rebound.
7:07 of 2nd period - Slapshot by Bryan Young.
7:07 of 2nd period - Stopped by Tobias Stephan without a rebound.
7:08 of 2nd period - Yan Stastny wins face-off versus Maxime Sauvé in Staline zone.
7:19 of 2nd period - Wrist shot by T.J. Fast.
7:19 of 2nd period - Deflect By Jared Boll.
7:19 of 2nd period - Shot Misses the Net.
7:19 of 2nd period - Puck is out of play.
7:20 of 2nd period - Alexandre Bolduc wins face-off versus Yan Stastny in Gangsters zone.
7:33 of 2nd period - Snap shot by Mason Raymond.
7:33 of 2nd period - Shot Misses the Net.
7:45 of 2nd period - Jaroslav Balastik is hit by Zac Rinaldo and loses puck.
7:47 of 2nd period - Minor Penalty to Ryan Keller for Cross-checking.
7:48 of 2nd period - Maxime Sauvé wins face-off versus Yan Stastny in Gangsters zone.
8:03 of 2nd period - Slapshot by T.J. Fast.
8:03 of 2nd period - Stopped by David LeNeveu without a rebound.
8:04 of 2nd period - Yan Stastny wins face-off versus Jaroslav Balastik in Gangsters zone.
8:09 of 2nd period - Wrist shot by Yan Stastny.
8:09 of 2nd period - Shot Blocked by Shaun Heska.
8:38 of 2nd period - Maxime Sauvé is hit by Jared Boll and loses puck.
8:49 of 2nd period - Wrist shot by Andrei Loktionov.
8:49 of 2nd period - Stopped by David LeNeveu with a rebound.
9:47 of 2nd period - Penalty to Ryan Keller is over, Ryan Keller is back on ice.
9:58 of 2nd period - Danny Kristo is hit by Ryan Keller and loses puck.
10:05 of 2nd period - Wrist shot by Ryan Keller.
10:05 of 2nd period - Stopped by Tobias Stephan without a rebound.
10:06 of 2nd period - Artem Anisimov wins face-off versus Mathieu Perreault in Staline zone.
10:07 of 2nd period - Wrist shot by Ryan Jones.
10:07 of 2nd period - Shot Blocked by Jared Boll.
10:47 of 2nd period - Off-side.
10:48 of 2nd period - Brock Bradford wins face-off versus Andrei Loktionov in neutral zone.
10:57 of 2nd period - Brock Bradford is hit by Stu Bickel and loses puck.
11:28 of 2nd period - Wrist shot by Yan Stastny.
11:28 of 2nd period - Stopped by David LeNeveu without a rebound.
11:29 of 2nd period - Artem Anisimov wins face-off versus Mathieu Perreault in Gangsters zone.
12:09 of 2nd period - 10 Minutes Game Misconduct Penalty to Cam Janssen is over.
12:20 of 2nd period - Wrist shot by Jaroslav Balastik.
12:20 of 2nd period - Stopped by Tobias Stephan without a rebound.
12:21 of 2nd period - Yan Stastny wins face-off versus Alexandre Bolduc in Staline zone.
12:30 of 2nd period - Snap shot by Yan Stastny.
12:30 of 2nd period - Deflect By J.T. Wyman.
12:30 of 2nd period - Stopped by David LeNeveu with a rebound.
12:43 of 2nd period - Icing by J.T. Wyman.
12:44 of 2nd period - Artem Anisimov wins face-off versus Yan Stastny in Staline zone.
12:47 of 2nd period - Slapshot by Artem Anisimov.
12:47 of 2nd period - Stopped by Tobias Stephan without a rebound.
12:48 of 2nd period - Artem Anisimov wins face-off versus Andrei Loktionov in Staline zone.
12:49 of 2nd period - Snap shot by Ryan Jones.
12:49 of 2nd period - Stopped by Tobias Stephan with a rebound.
12:57 of 2nd period - Snap shot by Andrei Loktionov.
12:57 of 2nd period - Stopped by David LeNeveu without a rebound.
12:58 of 2nd period - Andrei Loktionov wins face-off versus Alexandre Bolduc in Gangsters zone.
13:25 of 2nd period - Jared Boll is hit by Ville Koistinen and loses puck.
14:42 of 2nd period - Wrist shot by Mason Raymond.
14:42 of 2nd period - Stopped by David LeNeveu with a rebound.
15:28 of 2nd period - Snap shot by Andrei Loktionov.
15:28 of 2nd period - Goal by Andrei Loktionov - Gangsters : 2 - Staline : 2.
15:29 of 2nd period - Yan Stastny wins face-off versus Alexandre Bolduc in neutral zone.
15:55 of 2nd period - Shaun Heska is hit by Stu Bickel and loses puck.
16:04 of 2nd period - Wrist shot by Andrei Loktionov.
16:04 of 2nd period - Stopped by David LeNeveu without a rebound.
16:05 of 2nd period - Alexandre Bolduc wins face-off versus Mason Raymond in Gangsters zone.
16:05 of 2nd period - Alexandre Bolduc is hit by Yan Stastny.
16:51 of 2nd period - Icing by Dave Dziurzynski.
16:52 of 2nd period - Artem Anisimov wins face-off versus Mathieu Perreault in Gangsters zone.
17:29 of 2nd period - Icing by James Sheppard.
17:30 of 2nd period - Alexandre Bolduc wins face-off versus Mathieu Perreault in Staline zone.
17:33 of 2nd period - Slapshot by Jaroslav Balastik.
17:33 of 2nd period - Goal by Jaroslav Balastik - Gangsters : 3 - Staline : 2.
17:34 of 2nd period - Yan Stastny wins face-off versus Alexandre Bolduc in neutral zone.
17:41 of 2nd period - Slapshot by Yan Stastny.
17:41 of 2nd period - Stopped by David LeNeveu with a rebound.
18:32 of 2nd period - Slapshot by Brock Bradford.
18:32 of 2nd period - Stopped by Tobias Stephan with a rebound.
19:12 of 2nd period - Wrist shot by Yan Stastny.
19:12 of 2nd period - Stopped by David LeNeveu with a rebound.
19:14 of 2nd period - Snap shot by J.T. Wyman.
19:14 of 2nd period - Stopped by David LeNeveu with a rebound.
19:31 of 2nd period - Wrist shot by Jaroslav Balastik.
19:31 of 2nd period - Shot Blocked by Theo Peckham.
19:33 of 2nd period - Wrist shot by Jaroslav Balastik.
19:33 of 2nd period - Shot Misses the Net.
19:35 of 2nd period - Snap shot by Bryan Young.
19:35 of 2nd period - Deflect By Jaroslav Balastik.
19:35 of 2nd period - Shot Blocked by Andrei Loktionov.
19:35 of 2nd period - Puck is out of play.
19:36 of 2nd period - Artem Anisimov wins face-off versus Yan Stastny in Staline zone.
19:43 of 2nd period - Artem Anisimov is hit by Jared Boll and loses puck.
19:53 of 2nd period - Minor Penalty to Colten Teubert for Interference.
19:54 of 2nd period - Jaroslav Balastik wins face-off versus Yan Stastny in Gangsters zone.
Goals for this period are 2 for Gangsters vs 2 for Staline.
Shots for this period are 17 for Gangsters vs 17 for Staline.
3rd period
0:01 of 3rd period - Yan Stastny wins face-off versus Jaroslav Balastik in neutral zone.
0:04 of 3rd period - Shaun Heska is hit by Stu Bickel.
0:12 of 3rd period - Snap shot by Mason Raymond.
0:12 of 3rd period - Goal by Mason Raymond - Gangsters : 3 - Staline : 3.
0:13 of 3rd period - Yan Stastny wins face-off versus Alexandre Bolduc in neutral zone.
0:38 of 3rd period - Ryan Jones is hit by Andrei Loktionov and loses puck.
1:00 of 3rd period - Snap shot by Maxime Sauvé.
1:00 of 3rd period - Shot Misses the Net.
1:08 of 3rd period - Maxime Sauvé is hit by Tyler Cuma and loses puck.
1:19 of 3rd period - Tyler Cuma is hit by Michael Sdao.
1:43 of 3rd period - Minor Penalty to Ryan Keller for Holding.
1:44 of 3rd period - Jaroslav Balastik wins face-off versus Yan Stastny in Gangsters zone.
2:44 of 3rd period - Bryan Young is hit by Andrei Loktionov.
3:43 of 3rd period - Penalty to Ryan Keller is over, Ryan Keller is back on ice.
4:03 of 3rd period - Off-side.
4:04 of 3rd period - Brock Bradford wins face-off versus Zac Rinaldo in neutral zone.
4:07 of 3rd period - Greg Pateryn is hit by Mikko Lehtonen and loses puck.
4:56 of 3rd period - Snap shot by Colten Teubert.
4:56 of 3rd period - Shot Blocked by Jared Boll.
4:58 of 3rd period - Slapshot by Bryan Young.
4:58 of 3rd period - Stopped by Tobias Stephan with a rebound.
5:26 of 3rd period - Off-side.
5:27 of 3rd period - Brock Bradford wins face-off versus Zac Rinaldo in neutral zone.
5:48 of 3rd period - Snap shot by Theo Peckham.
5:48 of 3rd period - Deflect By Danny Kristo.
5:48 of 3rd period - Shot Misses the Net.
5:48 of 3rd period - Puck is out of play.
5:49 of 3rd period - Alexandre Bolduc wins face-off versus Yan Stastny in Gangsters zone.
6:30 of 3rd period - Minor Penalty to Greg Pateryn for Tripping.
6:31 of 3rd period - Yan Stastny wins face-off versus Alexandre Bolduc in Staline zone.
6:40 of 3rd period - Wrist shot by Mathieu Perreault.
6:40 of 3rd period - Shot Blocked by Shaun Heska.
6:42 of 3rd period - Wrist shot by T.J. Fast.
6:42 of 3rd period - Shot Blocked by Ville Koistinen.
6:44 of 3rd period - Wrist shot by Yan Stastny.
6:44 of 3rd period - Stopped by David LeNeveu with a rebound.
6:46 of 3rd period - Wrist shot by Yan Stastny.
6:46 of 3rd period - Stopped by David LeNeveu with a rebound.
6:56 of 3rd period - Shaun Heska is hit by Yan Stastny and loses puck.
8:30 of 3rd period - Penalty to Greg Pateryn is over, Greg Pateryn is back on ice.
8:45 of 3rd period - Snap shot by Maxime Sauvé.
8:45 of 3rd period - Stopped by Tobias Stephan with a rebound.
8:47 of 3rd period - Wrist shot by Curtis McKenzie.
8:47 of 3rd period - Stopped by Tobias Stephan with a rebound.
8:49 of 3rd period - Slapshot by Matt Delahey.
8:49 of 3rd period - Stopped by Tobias Stephan without a rebound.
8:50 of 3rd period - Brock Bradford wins face-off versus Mathieu Perreault in Staline zone.
9:01 of 3rd period - Snap shot by Mikko Lehtonen.
9:01 of 3rd period - Stopped by Tobias Stephan without a rebound.
9:02 of 3rd period - Alexandre Bolduc wins face-off versus Yan Stastny in Staline zone.
10:10 of 3rd period - Icing by Shaun Heska.
10:11 of 3rd period - Maxime Sauvé wins face-off versus Mathieu Perreault in Gangsters zone.
10:16 of 3rd period - Snap shot by Jared Boll.
10:16 of 3rd period - Shot Misses the Net.
10:18 of 3rd period - Slapshot by Tyler Cuma.
10:18 of 3rd period - Stopped by David LeNeveu with a rebound.
10:20 of 3rd period - Wrist shot by Mathieu Perreault.
10:20 of 3rd period - Stopped by David LeNeveu without a rebound.
10:21 of 3rd period - Yan Stastny wins face-off versus Alexandre Bolduc in Gangsters zone.
10:46 of 3rd period - Dave Dziurzynski is hit by Andrei Loktionov and loses puck.
10:58 of 3rd period - Minor Penalty to J.T. Wyman for Interference.
10:59 of 3rd period - Yan Stastny wins face-off versus Alexandre Bolduc in Staline zone.
12:41 of 3rd period - Shaun Heska is hit by T.J. Fast and loses puck.
12:58 of 3rd period - Penalty to J.T. Wyman is over, J.T. Wyman is back on ice.
13:13 of 3rd period - James Sheppard is hit by Mikko Lehtonen and loses puck.
14:30 of 3rd period - Torey Krug is hit by Maxime Sauvé and loses puck.
14:38 of 3rd period - Icing by Mathieu Perreault.
14:39 of 3rd period - Zac Rinaldo wins face-off versus Alexandre Bolduc in Staline zone.
14:52 of 3rd period - Minor Penalty to Zac Rinaldo for Slashing.
14:53 of 3rd period - Alexandre Bolduc wins face-off versus Yan Stastny in Staline zone.
14:54 of 3rd period - Slapshot by Jaroslav Balastik.
14:54 of 3rd period - Shot Misses the Net.
14:56 of 3rd period - Wrist shot by Jaroslav Balastik.
14:56 of 3rd period - Deflect By Yan Stastny.
14:56 of 3rd period - Shot Blocked by T.J. Fast.
14:56 of 3rd period - Puck is out of play.
14:57 of 3rd period - Yan Stastny wins face-off versus Alexandre Bolduc in Staline zone.
15:07 of 3rd period - Wrist shot by Ryan Keller.
15:07 of 3rd period - Deflect By Jaroslav Balastik.
15:07 of 3rd period - Stopped by Tobias Stephan without a rebound.
15:08 of 3rd period - Alexandre Bolduc wins face-off versus Yan Stastny in Staline zone.
15:33 of 3rd period - Snap shot by Ryan Jones.
15:33 of 3rd period - Goal by Ryan Jones - Gangsters : 4 - Staline : 3.
15:34 of 3rd period - Brock Bradford wins face-off versus Mathieu Perreault in neutral zone.
15:43 of 3rd period - Slapshot by Brock Bradford.
15:43 of 3rd period - Stopped by Tobias Stephan without a rebound.
15:44 of 3rd period - Brock Bradford wins face-off versus Mathieu Perreault in Staline zone.
15:49 of 3rd period - Slapshot by Ville Koistinen.
15:49 of 3rd period - Shot Misses the Net.
16:01 of 3rd period - Snap shot by Jared Boll.
16:01 of 3rd period - Shot Misses the Net.
16:03 of 3rd period - Snap shot by Stu Bickel.
16:03 of 3rd period - Deflect By Mathieu Perreault.
16:03 of 3rd period - Stopped by David LeNeveu with a rebound.
16:11 of 3rd period - Snap shot by Mathieu Perreault.
16:11 of 3rd period - Deflect By Jared Boll.
16:11 of 3rd period - Shot Blocked by Mikko Lehtonen.
16:11 of 3rd period - Puck is out of play.
16:12 of 3rd period - Yan Stastny wins face-off versus Alexandre Bolduc in Gangsters zone.
16:13 of 3rd period - Slapshot by Mason Raymond.
16:13 of 3rd period - Goal by Mason Raymond - Gangsters : 4 - Staline : 4.
16:14 of 3rd period - Brock Bradford wins face-off versus Mathieu Perreault in neutral zone.
16:27 of 3rd period - Snap shot by Brock Bradford.
16:27 of 3rd period - Shot Misses the Net.
16:29 of 3rd period - Wrist shot by Mikko Lehtonen.
16:29 of 3rd period - Shot Misses the Net.
16:46 of 3rd period - Backhand shot by Ryan Keller.
16:46 of 3rd period - Shot Misses the Net.
16:52 of 3rd period - Snap shot by Mason Raymond.
16:52 of 3rd period - Shot Blocked by Bryan Young.
17:20 of 3rd period - Snap shot by Ryan Keller.
17:20 of 3rd period - Shot Blocked by T.J. Fast.
17:39 of 3rd period - Slapshot by Matt Delahey.
17:39 of 3rd period - Stopped by Tobias Stephan with a rebound.
17:57 of 3rd period - Richard Panik is hit by Jared Boll and loses puck.
18:39 of 3rd period - Slapshot by Bryan Young.
18:39 of 3rd period - Stopped by Tobias Stephan with a rebound.
19:45 of 3rd period - Minor Penalty to Michael Sdao for Hooking.
19:46 of 3rd period - Jaroslav Balastik wins face-off versus Yan Stastny in Gangsters zone.
19:46 of 3rd period - Jaroslav Balastik is hit by Jared Boll.
Goals for this period are 1 for Gangsters vs 2 for Staline.
Shots for this period are 10 for Gangsters vs 7 for Staline.
Overtime #1
0:01 of 1st overtime period - Jaroslav Balastik wins face-off versus Yan Stastny in neutral zone.
0:48 of 1st overtime period - Wrist shot by Bryan Young.
0:48 of 1st overtime period - Stopped by Tobias Stephan without a rebound.
0:49 of 1st overtime period - Maxime Sauvé wins face-off versus Yan Stastny in Staline zone.
1:45 of 1st overtime period - Penalty to Michael Sdao is over, Michael Sdao is back on ice.
1:53 of 1st overtime period - Slapshot by Bryan Young.
1:53 of 1st overtime period - Shot Misses the Net.
2:13 of 1st overtime period - Shaun Heska is hit by Mason Raymond and loses puck.
2:24 of 1st overtime period - Jared Boll is hit by Ville Koistinen and loses puck.
4:11 of 1st overtime period - Snap shot by Shaun Heska.
4:11 of 1st overtime period - Deflect By Maxime Sauvé.
4:11 of 1st overtime period - Shot Misses the Net.
4:11 of 1st overtime period - Puck is out of play.
4:12 of 1st overtime period - Maxime Sauvé wins face-off versus Jared Boll in Staline zone.
Goals for this period are 0 for Gangsters vs 0 for Staline.
Shots for this period are 1 for Gangsters vs 0 for Staline.
ShootOut
5:00 of 1st overtime period - Penalty Shot by Jaroslav Balastik for Gangsters.
5:00 of 1st overtime period - Wrist shot by Jaroslav Balastik.
5:00 of 1st overtime period - Stopped by Tobias Stephan.
5:00 of 1st overtime period - Penalty Shot by Yan Stastny for Staline.
5:00 of 1st overtime period - Snap shot by Yan Stastny.
5:00 of 1st overtime period - Stopped by David LeNeveu.
5:00 of 1st overtime period - Penalty Shot by Ryan Keller for Gangsters.
5:00 of 1st overtime period - Wrist shot by Ryan Keller.
5:00 of 1st overtime period - Stopped by Tobias Stephan.
5:00 of 1st overtime period - Penalty Shot by Mason Raymond for Staline.
5:00 of 1st overtime period - Snap shot by Mason Raymond.
5:00 of 1st overtime period - Stopped by David LeNeveu.
5:00 of 1st overtime period - Penalty Shot by Alexandre Bolduc for Gangsters.
5:00 of 1st overtime period - Deke by Alexandre Bolduc.
5:00 of 1st overtime period - Stopped by Tobias Stephan.
5:00 of 1st overtime period - Penalty Shot by J.T. Wyman for Staline.
5:00 of 1st overtime period - Snap shot by J.T. Wyman.
5:00 of 1st overtime period - Stopped by David LeNeveu.
5:00 of 1st overtime period - Penalty Shot by Ryan Jones for Gangsters.
5:00 of 1st overtime period - Snap shot by Ryan Jones.
5:00 of 1st overtime period - Stopped by Tobias Stephan.
5:00 of 1st overtime period - Penalty Shot by Andrei Loktionov for Staline.
5:00 of 1st overtime period - Snap shot by Andrei Loktionov.
5:00 of 1st overtime period - Shot Misses the Net.
5:00 of 1st overtime period - Penalty Shot by Artem Anisimov for Gangsters.
5:00 of 1st overtime period - Wrist shot by Artem Anisimov.
5:00 of 1st overtime period - Goal by Artem Anisimov.
5:00 of 1st overtime period - Penalty Shot by Nick Spaling for Staline.
5:00 of 1st overtime period - Backhand shot by Nick Spaling.
5:00 of 1st overtime period - Stopped by David LeNeveu.
Output by the SimonT Hockey Simulator (STHS) for François Prévost -- Original Page W3C XHTML 1.0 Valid